[Event "VII Lorca Open 2018"]
[Site "Lorca"]
[Date "2018.12.27"]
[Round "3"]
[White "Vazquez Igarza, Renier"]
[Black "Tubio Agrasar, Pablo"]
[Result "1-0"]
[ECO "B38"]
[WhiteElo "2570"]
[BlackElo "2088"]
[Annotator "ChessBase"]
[PlyCount "77"]
[EventDate "2018.12.26"]
[EventType "swiss"]
[EventCountry "ESP"]
[SourceTitle "playchess.com"]
[Source "ChessBase"]
[SourceQuality "1"]
[TimeControl "5400+30"]

1. Nf3 Nf6 2. d4 c5 3. c4 g6 4. Nc3 Bg7 5. e4 cxd4 6. Nxd4 Nc6 7. Be3 O-O 8. Be2 d6 9. O-O Ne8 10. Rc1 Nc7 11. Nb3 f5 12. exf5 gxf5 13. Qd2 Be6 14. Nd5 Ne5 15. Nd4 Bd7 16. h3 Ng6 17. Bg5 Nxd5 18. cxd5 f4 19. Bh5 Bxd4 20. Qxd4 Rf5 21. Bh6 Ne5 22. Bg4 Rf6 23. Bxf4 Bxg4 24. hxg4 Nd3 25. Qxd3 Rxf4 26. Qe3 Rf7 27. a3 Qb6 28. Qxb6 axb6 29. f3 Ra5 30. Rfd1 b5 31. Rd4 b4 32. axb4 Rb5 33. Kf2 Rg7 34. Rh1 Rf7 35. Ke3 Rf8 36. Kd2 Rc8 37. f4 Kg7 38. g5 Rf8 39. Kd3 1-0

[Event "VII Lorca Open 2018"]
[Site "Lorca"]
[Date "2018.12.27"]
[Round "3"]
[White "Grigoryan, Karen H."]
[Black "Suarez Uriel, Adrian"]
[Result "1-0"]
[ECO "A11"]
[WhiteElo "2557"]
[BlackElo "2386"]
[Annotator "ChessBase"]
[PlyCount "135"]
[EventDate "2018.12.26"]
[EventType "swiss"]
[EventCountry "ESP"]
[SourceTitle "playchess.com"]
[Source "ChessBase"]
[SourceQuality "1"]
[TimeControl "5400+30"]

1. g3 Nf6 2. Bg2 d5 3. Nf3 g6 4. c4 c6 5. Qa4 Nbd7 6. cxd5 Nb6 7. Qb3 cxd5 8. O-O Bg7 9. d3 O-O 10. Nc3 Re8 11. a4 d4 12. Nb5 e5 13. Ng5 Nbd5 14. e4 dxe3 15. Bxe3 Re7 16. Bc5 Rd7 17. Nf3 a6 18. Nc3 Rc7 19. Qa3 Be6 20. Ng5 Nxc3 21. bxc3 Qxd3 22. Nxe6 fxe6 23. Rad1 Qc4 24. Bd6 Bf8 25. Rfe1 e4 26. Bh3 Re8 27. Bxf8 Rxf8 28. Re3 Kg7 29. Rd4 Qc5 30. Qxc5 Rxc5 31. Bxe6 Re8 32. Bh3 Rce5 33. Bg2 b5 34. axb5 axb5 35. Bf1 Nd5 36. Bxb5 Rb8 37. Rexe4 Rxe4 38. Rxd5 Rb7 39. c4 Rbe7 40. Kg2 R4e5 41. Rd3 g5 42. Bc6 g4 43. h3 gxh3+ 44. Kxh3 Re2 45. f3 R7e6 46. Be4 h6 47. Rc3 Ra2 48. c5 Ra7 49. c6 Rc7 50. Rc5 Kf6 51. Kg4 Ke7 52. Kh5 Kd6 53. Rf5 Rg7 54. g4 Ra7 55. Rb5 Rf6 56. Kh4 Rc7 57. Rb7 Rc8 58. Kg3 Rc7 59. Kf2 Re7 60. Ke3 Rf8 61. Kd4 Rh8 62. Rxe7 Kxe7 63. Kc5 Rg8 64. Bf5 Kd8 65. Kd6 Rg7 66. Bd7 Rg6+ 67. Be6 Rg7 68. f4 1-0

[Event "VII Lorca Open 2018"]
[Site "Lorca"]
[Date "2018.12.27"]
[Round "3"]
[White "Gascon Del Nogal, Jose Rafael"]
[Black "Ajay Karthikeyan"]
[Result "0-1"]
[ECO "E70"]
[WhiteElo "2484"]
[BlackElo "2143"]
[Annotator "ChessBase"]
[PlyCount "72"]
[EventDate "2018.12.26"]
[EventType "swiss"]
[EventCountry "ESP"]
[SourceTitle "playchess.com"]
[Source "ChessBase"]
[SourceQuality "1"]
[TimeControl "5400+30"]

1. d4 Nf6 2. c4 g6 3. Nc3 Bg7 4. e4 d6 5. Nge2 a6 6. Ng3 c6 7. Be2 b5 8. O-O O-O 9. Be3 h6 10. Bd3 h5 11. f3 Nbd7 12. a3 bxc4 13. Bxc4 d5 14. Ba2 h4 15. Nh1 dxe4 16. fxe4 h3 17. e5 hxg2 18. Kxg2 Nd5 19. Nxd5 cxd5 20. Ng3 Rb8 21. Qd2 Nb6 22. b3 Qd7 23. Kg1 Qh3 24. Rac1 Be6 25. Rc7 Nd7 26. Rc6 f6 27. b4 fxe5 28. Re1 Kh7 29. Ne4 Qg4+ 30. Qg2 Qxg2+ 31. Kxg2 dxe4 32. Bxe6 exd4 33. Bxd7 dxe3 34. Rxe3 Rbd8 35. Bg4 Rd2+ 36. Be2 Bd4 0-1

[Event "VII Lorca Open 2018"]
[Site "Lorca"]
[Date "2018.12.27"]
[Round "3"]
[White "Franco Ocampos, Zenon"]
[Black "Low, Zhen Yu Cyrus"]
[Result "1-0"]
[ECO "D30"]
[WhiteElo "2477"]
[BlackElo "2384"]
[Annotator "ChessBase"]
[PlyCount "145"]
[EventDate "2018.12.26"]
[EventType "swiss"]
[EventCountry "ESP"]
[SourceTitle "playchess.com"]
[Source "ChessBase"]
[SourceQuality "1"]
[TimeControl "5400+30"]

1. c4 e6 2. Nf3 Nf6 3. d4 d5 4. e3 a6 5. b3 c5 6. cxd5 Nxd5 7. Be2 cxd4 8. Nxd4 Bb4+ 9. Bd2 O-O 10. O-O Qe7 11. Bf3 Rd8 12. Bxd5 Rxd5 13. Qc2 Bc5 14. Nc3 Rd8 15. Nf3 Nd7 16. Ne4 Bb6 17. a3 a5 18. Bc3 f5 19. Ned2 Nf6 20. Nc4 Bc7 21. a4 Bd7 22. Be5 Bc6 23. Bxc7 Qxc7 24. Nfe5 Bd5 25. h3 Nd7 26. Qb2 Nxe5 27. Nxe5 Bxb3 28. Rac1 Qd6 29. Qxb3 Qxe5 30. Qxb7 Rab8 31. Qc7 Qxc7 32. Rxc7 Rdc8 33. Re7 Re8 34. Ra7 Ra8 35. Rb7 Rab8 36. Rfb1 Rxb7 37. Rxb7 Rd8 38. Rb5 Rd5 39. Rxd5 exd5 40. Kf1 Kf7 41. Ke2 Ke6 42. Kd3 Ke5 43. g3 g6 44. f3 Ke6 45. Kd4 Kd6 46. h4 h6 47. g4 fxg4 48. fxg4 g5 49. h5 Kc6 50. Ke5 Kc5 51. Kf6 Kc4 52. Kg6 Kd3 53. Kxh6 Kxe3 54. Kxg5 d4 55. h6 d3 56. h7 d2 57. h8=Q d1=Q 58. Qc3+ Kf2 59. Qc5+ Kg3 60. Qc7+ Kf3 61. Qxa5 Qc1+ 62. Kh5 Qh1+ 63. Kg6 Qc1 64. Qd5+ Kg3 65. Qe5+ Kf3 66. a5 Qa3 67. g5 Kg4 68. Qe6+ Kf4 69. a6 Qd3+ 70. Kh6 Qa3 71. Qf7+ Kg4 72. Qe6+ Kf4 73. g6 1-0

[Event "VII Lorca Open 2018"]
[Site "Lorca"]
[Date "2018.12.27"]
[Round "3"]
[White "Plaskett, H James"]
[Black "Cuellar Montes, Alejandro"]
[Result "1-0"]
[ECO "B07"]
[WhiteElo "2454"]
[BlackElo "2064"]
[Annotator "ChessBase"]
[PlyCount "71"]
[EventDate "2018.12.26"]
[EventType "swiss"]
[EventCountry "ESP"]
[SourceTitle "playchess.com"]
[Source "ChessBase"]
[SourceQuality "1"]
[TimeControl "5400+30"]

1. e4 d6 2. Nc3 Nf6 3. d4 e5 4. Nge2 Nbd7 5. h3 Be7 6. g4 h6 7. Bg2 c6 8. a4 b6 9. Be3 Bb7 10. Ng3 g6 11. Qd2 Ng8 12. O-O a6 13. f4 Qc7 14. Qf2 exd4 15. Bxd4 Rh7 16. b4 a5 17. b5 c5 18. Be3 O-O-O 19. Rad1 Bf6 20. e5 dxe5 21. Bxb7+ Qxb7 22. Nge4 Be7 23. fxe5 Nxe5 24. Bf4 f6 25. Rxd8+ Kxd8 26. Bxe5 fxe5 27. Qg3 Qb8 28. Nd5 Ke8 29. Qf3 Qd8 30. Nxe7 Qxe7 31. Rd1 Qh4 32. Nd6+ Ke7 33. Qb7+ Ke6 34. Qd5+ Ke7 35. Qxe5+ Kf8 36. Rf1+ 1-0

[Event "VII Lorca Open 2018"]
[Site "Lorca"]
[Date "2018.12.27"]
[Round "3"]
[White "Huerga Leache, Mikel"]
[Black "Orantes Taboada, Francisco"]
[Result "0-1"]
[ECO "D02"]
[WhiteElo "2448"]
[BlackElo "2295"]
[Annotator "ChessBase"]
[PlyCount "145"]
[EventDate "2018.12.26"]
[EventType "swiss"]
[EventCountry "ESP"]
[SourceTitle "playchess.com"]
[Source "ChessBase"]
[SourceQuality "1"]
[TimeControl "5400+30"]

1. d4 Nf6 2. Bf4 g6 3. e3 Bg7 4. Nf3 O-O 5. Be2 d5 6. O-O c5 7. c3 Nc6 8. Ne5 Nd7 9. Nxd7 Bxd7 10. Qb3 c4 11. Qa3 Re8 12. b3 cxb3 13. Qxb3 e6 14. Nd2 Na5 15. Qb4 Bf8 16. Qb2 Rc8 17. Rfc1 Bc6 18. Bf1 Qe7 19. a3 b6 20. Qb1 Qb7 21. h4 Nc4 22. Nxc4 dxc4 23. Qa2 Bd5 24. f3 f5 25. Re1 Bg7 26. Rad1 e5 27. dxe5 Bxe5 28. Bxe5 Rxe5 29. Rd4 b5 30. Qd2 Bc6 31. a4 a6 32. axb5 axb5 33. h5 Qe7 34. Rd6 Re6 35. Rxe6 Qxe6 36. Ra1 Qe7 37. Qd4 Rd8 38. Qb6 Rd6 39. Ra7 Bd7 40. Qc5 Kf7 41. Rc7 Rd1 42. Qb6 Qd6 43. Qa7 Qd3 44. Kh2 Qd6+ 45. f4 Qe7 46. Kg3 g5 47. Kh3 g4+ 48. Kg3 Qd6 49. Be2 Rd2 50. Kf2 Ke7 51. Kf1 g3 52. Qc5 Qxc5 53. Rxc5 Kd6 54. Re5 Rc2 55. Bf3 Rxc3 56. e4 fxe4 57. Bxe4 h6 58. Ke2 b4 59. Ra5 Ra3 60. Rd5+ Ke7 61. Re5+ Kf6 62. Rd5 Bg4+ 63. Kd2 c3+ 64. Kd3 Ra2 65. Rd6+ Ke7 66. Rxh6 Rd2+ 67. Ke3 Re2+ 68. Kd4 c2 69. Rc6 b3 70. h6 Rxe4+ 71. Kxe4 b2 72. h7 b1=Q 73. Kd4 0-1

[Event "VII Lorca Open 2018"]
[Site "Lorca"]
[Date "2018.12.27"]
[Round "3"]
[White "Alshameary Puente, Ismael"]
[Black "Fernandez Garcia, Gumersindo"]
[Result "1-0"]
[ECO "D15"]
[WhiteElo "2444"]
[BlackElo "2049"]
[Annotator "NA"]
[PlyCount "51"]
[EventDate "2018.12.26"]
[EventType "swiss"]
[EventCountry "ESP"]
[SourceTitle "playchess.com"]
[Source "ChessBase"]
[SourceQuality "1"]
[TimeControl "5400+30"]

1. d4 d5 2. c4 c6 3. Nf3 Nf6 4. Nc3 dxc4 5. e4 b5 6. Be2 e6 7. O-O b4 8. e5 bxc3 9. exf6 cxb2 10. fxg7 Bxg7 11. Bxb2 Nd7 12. Bxc4 Nb6 13. Bd3 Bb7 14. a4 Nd5 15. a5 a6 16. Ne5 Bxe5 17. dxe5 Rb8 18. Qg4 Kd7 19. Rfd1 Rg8 20. Qf3 Rg7 21. Ba3 Qg5 22. Rab1 c5 23. Be4 Qg4 24. Rxb7+ Rxb7 25. Bxd5 Rc7 26. Bxe6+ 1-0

[Event "VII Lorca Open 2018"]
[Site "Lorca"]
[Date "2018.12.27"]
[Round "3"]
[White "Tejedor Fuente, Enrique"]
[Black "Guerra Rivera, Salvador"]
[Result "1/2-1/2"]
[ECO "A20"]
[WhiteElo "2428"]
[BlackElo "2343"]
[Annotator "NA"]
[PlyCount "81"]
[EventDate "2018.12.26"]
[EventType "swiss"]
[EventCountry "ESP"]
[SourceTitle "playchess.com"]
[Source "ChessBase"]
[SourceQuality "1"]
[TimeControl "5400+30"]

1. c4 e5 2. g3 Nf6 3. Bg2 c6 4. Nf3 e4 5. Nd4 d5 6. cxd5 Qxd5 7. Nb3 Qh5 8. h3 Bd6 9. Nc3 Qg6 10. d3 exd3 11. e4 O-O 12. Qxd3 Bc7 13. O-O Re8 14. Bf4 Bxf4 15. gxf4 Nh5 16. Qf3 Qh6 17. Ne2 Nd7 18. Rfd1 Nf8 19. f5 Nd7 20. Qd3 Nf4 21. Nxf4 Qxf4 22. Qd6 Ne5 23. Nd4 Nd3 24. Qxf4 Nxf4 25. f3 g6 26. Bf1 gxf5 27. exf5 Bd7 28. Nb5 Bxf5 29. Nc7 Nxh3+ 30. Bxh3 Bxh3 31. Kf2 Rac8 32. Nxe8 Rxe8 33. Rg1+ Kf8 34. Rad1 Be6 35. a3 h6 36. Rd4 Bd5 37. Rdg4 Re6 38. Rg8+ Ke7 39. Ra8 a6 40. Rb8 c5 41. Rc8 1/2-1/2

[Event "VII Lorca Open 2018"]
[Site "Lorca"]
[Date "2018.12.27"]
[Round "3"]
[White "Bjerre, Jonas Buhl"]
[Black "Aguilar, Andres"]
[Result "1-0"]
[ECO "B66"]
[WhiteElo "2421"]
[BlackElo "2307"]
[Annotator "NA"]
[PlyCount "91"]
[EventDate "2018.12.26"]
[EventType "swiss"]
[EventCountry "ESP"]
[SourceTitle "playchess.com"]
[Source "ChessBase"]
[SourceQuality "1"]
[TimeControl "5400+30"]

1. e4 c5 2. Nf3 Nc6 3. d4 cxd4 4. Nxd4 Nf6 5. Nc3 d6 6. Bg5 e6 7. Qd2 a6 8. O-O-O h6 9. Be3 Nxd4 10. Bxd4 b5 11. Kb1 Be7 12. f3 Rb8 13. g4 b4 14. Ne2 e5 15. Bf2 Be6 16. Ng3 Qa5 17. b3 d5 18. Nf5 Bf8 19. Qe2 Qc7 20. Qxa6 Qb7 21. Nd6+ Bxd6 22. Qxd6 Rd8 23. Qc5 d4 24. Bb5+ Nd7 25. Qxb4 f6 26. c3 Kf7 27. cxd4 exd4 28. Rxd4 Rb8 29. a4 Ne5 30. Rd6 Rhc8 31. Bg3 Qc7 32. Rd2 Qc3 33. Qxc3 Rxc3 34. f4 Nf3 35. Rb2 Rb7 36. Rc1 Rxc1+ 37. Kxc1 Nd4 38. f5 Bxb3 39. Bc4+ Ke8 40. Bxb3 Nxb3+ 41. Kc2 Nd4+ 42. Kc3 Rxb2 43. Kxb2 Kd7 44. Kc3 Ne2+ 45. Kd3 Nc1+ 46. Kc4 1-0

[Event "VII Lorca Open 2018"]
[Site "Lorca"]
[Date "2018.12.27"]
[Round "3"]
[White "Domingo Nunez, Alejandro"]
[Black "Jimenez Ruano, Adrian"]
[Result "1/2-1/2"]
[ECO "C54"]
[WhiteElo "2404"]
[BlackElo "2245"]
[Annotator "NA"]
[PlyCount "44"]
[EventDate "2018.12.26"]
[EventType "swiss"]
[EventCountry "ESP"]
[SourceTitle "playchess.com"]
[Source "ChessBase"]
[SourceQuality "1"]
[TimeControl "5400+30"]

1. e4 e5 2. Nf3 Nc6 3. Bc4 Bc5 4. c3 Nf6 5. d3 a6 6. O-O Ba7 7. Re1 d6 8. Bb3 h6 9. Nbd2 O-O 10. h3 Na5 11. Bc2 c5 12. Nf1 b5 13. Ng3 Be6 14. Nh2 Qd7 15. f4 exf4 16. Bxf4 Nc6 17. Kh1 Nh7 18. Qf3 d5 19. Rad1 d4 20. Bb3 Bb8 21. Nh5 Bxf4 22. Qxf4 Bxb3 1/2-1/2

[Event "VII Lorca Open 2018"]
[Site "Lorca"]
[Date "2018.12.27"]
[Round "3"]
[White "Merario Alarcon, Andres"]
[Black "Svetushkin, Dmitry"]
[Result "1-0"]
[ECO "E11"]
[WhiteElo "2404"]
[BlackElo "2592"]
[Annotator "ChessBase"]
[PlyCount "103"]
[EventDate "2018.12.26"]
[EventType "swiss"]
[EventCountry "ESP"]
[SourceTitle "playchess.com"]
[Source "ChessBase"]
[SourceQuality "1"]
[TimeControl "5400+30"]

1. d4 Nf6 2. c4 e6 3. Nf3 Bb4+ 4. Nbd2 O-O 5. a3 Be7 6. e4 d6 7. e5 Nfd7 8. Ne4 Nc6 9. Bf4 f5 10. exf6 Nxf6 11. Nc3 Qe8 12. Be2 e5 13. dxe5 dxe5 14. Nxe5 Be6 15. Nxc6 Qxc6 16. O-O Bxc4 17. Bf3 Qb6 18. Re1 Bc5 19. Bg3 Rad8 20. Qc1 Bb3 21. Re5 Nd7 22. Nd5 Nxe5 23. Nxb6 Nxf3+ 24. gxf3 Bxb6 25. Qc3 Bf7 26. Be5 Bg6 27. Qb3+ Bf7 28. Qc3 Rd5 29. Re1 Rfd8 30. Bg3 Rd3 31. Qc2 R8d7 32. Re7 c6 33. Rxd7 Rxd7 34. Qf5 Rd8 35. Qg5 Rd1+ 36. Kg2 Bd8 37. Qg4 h5 38. Qc8 Kh7 39. Qxb7 Kg8 40. h4 Bf6 41. Qxc6 Rd3 42. Qe4 Rd5 43. b4 a5 44. Qc4 axb4 45. axb4 Rd4 46. Qc8+ Rd8 47. Qc7 Bd5 48. Be5 Rf8 49. Bxf6 gxf6 50. b5 Kh8 51. b6 Rg8+ 52. Kf1 1-0

[Event "VII Lorca Open 2018"]
[Site "Lorca"]
[Date "2018.12.27"]
[Round "3"]
[White "Sabuk, Piotr"]
[Black "Ibarra Jerez, Jose Carlos"]
[Result "0-1"]
[ECO "D31"]
[WhiteElo "2391"]
[BlackElo "2558"]
[Annotator "ChessBase"]
[PlyCount "108"]
[EventDate "2018.12.26"]
[EventType "swiss"]
[EventCountry "ESP"]
[SourceTitle "playchess.com"]
[Source "ChessBase"]
[SourceQuality "1"]
[TimeControl "5400+30"]

1. d4 d5 2. c4 e6 3. Nf3 a6 4. cxd5 exd5 5. Nc3 c6 6. Qc2 Bd6 7. Bg5 f6 8. Bd2 Ne7 9. e4 dxe4 10. Nxe4 Nd5 11. O-O-O Be7 12. Bd3 Nd7 13. g4 Nf8 14. Rhg1 Qc7 15. g5 f5 16. Nc5 b6 17. Na4 g6 18. Kb1 Ne6 19. Rge1 Qd6 20. Bc4 Rb8 21. Ne5 Bb7 22. Nxb6 Nxb6 23. Nxg6 Nxd4 24. Rxe7+ Qxe7 25. Qc3 hxg6 26. Re1 Qxe1+ 27. Bxe1 c5 28. Qg3 Kd7 29. Bd3 Bd5 30. Bc3 Na4 31. Bxd4 cxd4 32. b3 Rhe8 33. Qh4 Nc3+ 34. Kb2 Be4 35. Bc4 f4 36. Qxf4 Rf8 37. Qg4+ Kc7 38. f4 Rb6 39. Qh4 Rd6 40. a4 Nd1+ 41. Ka3 Ne3 42. f5 Bxf5 43. Qf4 Re8 44. Bxa6 d3 45. Bxd3 Bxd3 46. Qf7+ Kd8 47. h4 Bf5 48. h5 gxh5 49. Qxh5 Nc2+ 50. Kb2 Nd4 51. Kc3 Re3+ 52. Kc4 Rh3 53. Qd1 Be6+ 54. Kc5 Rd5+ {[%emt 0:00:13] Kxd4 [%clk 0:00:00]} 0-1

[Event "VII Lorca Open 2018"]
[Site "Lorca"]
[Date "2018.12.27"]
[Round "3"]
[White "Medarde Santiago, Luis Marcos"]
[Black "Nasuta, Grzegorz"]
[Result "1/2-1/2"]
[ECO "B23"]
[WhiteElo "2386"]
[BlackElo "2530"]
[Annotator "ChessBase"]
[PlyCount "56"]
[EventDate "2018.12.26"]
[EventType "swiss"]
[EventCountry "ESP"]
[SourceTitle "playchess.com"]
[Source "ChessBase"]
[SourceQuality "1"]
[TimeControl "5400+30"]

1. e4 c5 2. Nc3 d6 3. f4 Nc6 4. Bb5 Bd7 5. Nf3 g6 6. O-O Bg7 7. Bc4 e6 8. d3 Nge7 9. Qe1 Na5 10. a3 Nxc4 11. dxc4 Bc6 12. f5 gxf5 13. Bg5 fxe4 14. Nxe4 Bxe4 15. Qxe4 Qd7 16. c3 O-O-O 17. Rad1 h6 18. Bh4 Rde8 19. Rd3 Ng6 20. Rfd1 f5 21. Qe3 Bf8 22. Qxc5+ dxc5 23. Rxd7 Nxh4 24. Nxh4 Rg8 25. Nf3 Rg7 26. R7d3 Be7 27. Re1 Bd8 28. Rde3 Rge7 1/2-1/2

[Event "VII Lorca Open 2018"]
[Site "Lorca"]
[Date "2018.12.27"]
[Round "3"]
[White "Domingo Nunez, Ruben"]
[Black "Korneev Leskova, Svyatoslav"]
[Result "0-1"]
[ECO "C18"]
[WhiteElo "2383"]
[BlackElo "2134"]
[Annotator "NA"]
[PlyCount "70"]
[EventDate "2018.12.26"]
[EventType "swiss"]
[EventCountry "ESP"]
[SourceTitle "playchess.com"]
[Source "ChessBase"]
[SourceQuality "1"]
[TimeControl "5400+30"]

1. e4 e6 2. d4 d5 3. Nc3 Bb4 4. e5 c5 5. a3 Bxc3+ 6. bxc3 Qa5 7. Bd2 Qa4 8. Qb1 c4 9. Nh3 Nc6 10. Nf4 Bd7 11. g3 O-O-O 12. Bh3 f5 13. g4 fxg4 14. Bxg4 Re8 15. Nxd5 Nxe5 16. Ne3 Nxg4 17. Nxg4 Nf6 18. Ne5 Nd5 19. Qa2 b5 20. Rg1 Rhg8 21. Rg3 Ref8 22. Kf1 Rf5 23. Re1 Rgf8 24. Re2 Be8 25. Kg2 Bh5 26. f3 g5 27. Qb1 Be8 28. Qc1 h6 29. Ng4 Bh5 30. Rxe6 Bxg4 31. fxg4 Rf2+ 32. Kh3 Rxd2 33. Rge3 Nf4+ 34. Kg3 Rg2+ 35. Kf3 Nd3+ 0-1

[Event "VII Lorca Open 2018"]
[Site "Lorca"]
[Date "2018.12.27"]
[Round "3"]
[White "Mingarro Carceller, Sergi"]
[Black "Pap, Misa"]
[Result "0-1"]
[ECO "C55"]
[WhiteElo "2361"]
[BlackElo "2480"]
[Annotator "ChessBase"]
[PlyCount "90"]
[EventDate "2018.12.26"]
[EventType "swiss"]
[EventCountry "ESP"]
[SourceTitle "playchess.com"]
[Source "ChessBase"]
[SourceQuality "1"]
[TimeControl "5400+30"]

1. e4 e5 2. Nf3 Nc6 3. Bc4 Nf6 4. d3 Be7 5. O-O O-O 6. Re1 d6 7. a4 Kh8 8. a5 a6 9. h3 Be6 10. Nbd2 Ng8 11. Bxe6 fxe6 12. c3 Qd7 13. Nf1 Rf7 14. Ng3 Raf8 15. Be3 Bf6 16. d4 exd4 17. cxd4 d5 18. e5 Be7 19. Re2 Rb8 20. Rc2 Rff8 21. Ne1 Nb4 22. Rc3 c5 23. dxc5 Nc6 24. Ne2 Nxe5 25. Bf4 Bf6 26. Nd4 Rbe8 27. Bg3 Ne7 28. Re3 N7c6 29. Nxc6 Nxc6 30. Nd3 e5 31. Qe1 e4 32. Nb4 Bd4 33. Nxc6 Bxe3 34. Qxe3 bxc6 35. Qd4 Rf7 36. Ra4 e3 37. fxe3 Re4 38. Rb4 Qe8 39. Qd2 Rxb4 40. Qxb4 Qxe3+ 41. Kh2 h6 42. Bd6 Rf2 43. Qg4 Qe4 44. Qg3 Rf6 45. Qc3 d4 0-1

[Event "VII Lorca Open 2018"]
[Site "Lorca"]
[Date "2018.12.27"]
[Round "3"]
[White "Martin Duque, Jesus"]
[Black "Rey Malde, Henrique"]
[Result "1-0"]
[ECO "B38"]
[WhiteElo "2354"]
[BlackElo "2171"]
[Annotator "NA RC"]
[PlyCount "213"]
[EventDate "2018.12.26"]
[EventType "swiss"]
[EventCountry "ESP"]
[SourceTitle "playchess.com"]
[Source "ChessBase"]
[SourceQuality "1"]
[TimeControl "5400+30"]

1. e4 c5 2. Nf3 d6 3. d4 cxd4 4. Nxd4 Nf6 5. f3 g6 6. c4 Bg7 7. Be3 O-O 8. Nc3 Nc6 9. Qd2 Bd7 10. Be2 Nxd4 11. Bxd4 Bc6 12. b4 b6 13. O-O Nd7 14. Be3 Qc7 15. Rac1 Rfc8 16. Nd5 Bxd5 17. cxd5 Qb7 18. Bb5 Rxc1 19. Rxc1 Rc8 20. Bc6 Qc7 21. Qe2 Qd8 22. a4 Rc7 23. Qb5 Qc8 24. a5 bxa5 25. bxa5 Nc5 26. Rb1 h5 27. Qb8 Bf6 28. Kf1 Kg7 29. Qxc8 Rxc8 30. Bxc5 dxc5 31. Rb7 c4 32. Ke2 a6 33. f4 Bc3 34. Rxe7 Bxa5 35. Rb7 c3 36. Kd3 g5 37. g3 h4 38. Ra7 hxg3 39. hxg3 gxf4 40. Rxa6 Bc7 41. gxf4 Bxf4 42. Kxc3 Rb8 43. Kd4 Rb4+ 44. Kd3 Be5 45. Ba4 Kf8 46. Ke3 Ke7 47. Kf3 Rc4 48. Bb5 Rb4 49. Ra7+ Kd6 50. Rd7+ Kc5 51. Bc6 f5 52. exf5 Rf4+ 53. Ke3 Rxf5 54. Ke4 Rh5 55. Rb7 Bd6 56. Rb5+ Kc4 57. Rb1 Re5+ 58. Kf3 Re7 59. Kg4 Rf7 60. Rc1+ Kd4 61. Re1 Kc5 62. Kg5 Rf2 63. Rc1+ Kd4 64. Rd1+ Ke5 65. Re1+ Kd4 66. Kg6 Kc5 67. Rd1 Rf4 68. Kg5 Rf2 69. Bd7 Be7+ 70. Kg4 Bd6 71. Be6 Rf4+ 72. Kg5 Rf2 73. Kg6 Be5 74. Rc1+ Kd6 75. Rc6+ Ke7 76. Ra6 Bc7 77. Bg4 Bg3 78. Re6+ Kd8 79. Bf5 Rd2 80. Re3 Bd6 81. Be4 Rf2 82. Rh3 Be7 83. Bf5 Kc7 84. Re3 Bc5 85. Re6 Bd6 86. Re8 Rd2 87. Rc8+ Kb7 88. Rc4 Rf2 89. Kf6 Re2 90. Be4 Kb8 91. Ke6 Bg3 92. d6 Bxd6 93. Kxd6 Rh2 94. Rb4+ Ka7 95. Kc7 Ka6 96. Bc6 Rh7+ 97. Bd7 Rh5 98. Ra4+ Ra5 99. Rg4 Rh5 100. Be8 Rh7+ 101. Kc6 Rh6+ 102. Bg6 Ka5 103. Kc5 Rh3 104. Bf7 Ka6 105. Ra4+ Kb7 106. Bd5+ Kb8 107. Kb6 1-0

[Event "VII Lorca Open 2018"]
[Site "Lorca"]
[Date "2018.12.27"]
[Round "3"]
[White "Melero Fidalgo, Juan De Dios"]
[Black "Nayhebaver, Martin"]
[Result "0-1"]
[ECO "A01"]
[WhiteElo "2348"]
[BlackElo "2460"]
[Annotator "ChessBase"]
[PlyCount "84"]
[EventDate "2018.12.26"]
[EventType "swiss"]
[EventCountry "ESP"]
[SourceTitle "playchess.com"]
[Source "ChessBase"]
[SourceQuality "1"]
[TimeControl "5400+30"]

1. b3 Nf6 2. Bb2 g6 3. d4 Bg7 4. Nc3 d5 5. Qd2 O-O 6. O-O-O c6 7. e3 b5 8. f3 a5 9. g4 a4 10. Nge2 axb3 11. axb3 Nbd7 12. g5 Ne8 13. h4 Nd6 14. h5 Re8 15. hxg6 hxg6 16. Ng3 b4 17. Na4 Rxa4 18. bxa4 Qa5 19. c3 b3 20. c4 Qxa4 21. c5 Nc4 22. Bxc4 Qxc4+ 23. Qc3 Qb5 24. Ba3 Qb8 25. f4 Ba6 26. Qb4 Qc7 27. Kd2 Bc4 28. Bb2 f6 29. gxf6 exf6 30. Ra1 f5 31. Qa5 Qc8 32. Rhc1 Nf6 33. Qb4 Qe6 34. Re1 Qe7 35. Rac1 Qe6 36. Rc3 Ng4 37. Rxb3 Bxb3 38. Qxb3 Bh6 39. Re2 Qe7 40. Kc2 Nxe3+ 41. Kb1 Bxf4 42. Bc1 Rb8 0-1

[Event "VII Lorca Open 2018"]
[Site "Lorca"]
[Date "2018.12.27"]
[Round "3"]
[White "Garcia Ramos, Daniel"]
[Black "Dominguez Ruiz, Mario"]
[Result "1/2-1/2"]
[ECO "B28"]
[WhiteElo "2304"]
[BlackElo "2107"]
[Annotator "NA"]
[PlyCount "134"]
[EventDate "2018.12.26"]
[EventType "swiss"]
[EventCountry "ESP"]
[SourceTitle "playchess.com"]
[Source "ChessBase"]
[SourceQuality "1"]
[TimeControl "5400+30"]

1. e4 c5 2. Nf3 a6 3. c3 d5 4. exd5 Qxd5 5. d4 Bg4 6. Be2 e6 7. O-O Nc6 8. Be3 cxd4 9. cxd4 Nf6 10. Nc3 Qd6 11. Qb3 Qb4 12. Qc2 Be7 13. Rad1 Qd6 14. h3 Bf5 15. Qc1 h6 16. Bf4 Qd8 17. a3 Rc8 18. Qe3 O-O 19. Ne5 Nd5 20. Nxd5 exd5 21. Bf3 Bf6 22. Rc1 Bxe5 23. dxe5 d4 24. Qb3 Qd7 25. Rfd1 Rfd8 26. Qb6 d3 27. Bxc6 Rxc6 28. Rxc6 bxc6 29. Qxa6 Qd4 30. Qa5 Rb8 31. Bc1 c5 32. Be3 Qxe5 33. b4 Bg6 34. Qxc5 Qb2 35. Qc1 Qb3 36. Rd2 Ra8 37. Qb2 Rxa3 38. b5 Be4 39. Qe5 Ba8 40. b6 f6 41. Qe8+ Kh7 42. Qd7 Qd5 43. Qxd5 Bxd5 44. f3 Rb3 45. Kf2 Kg6 46. Bd4 Kf5 47. Ke3 Ke6 48. Rxd3 Rxd3+ 49. Kxd3 h5 50. Ke3 Bb7 51. Kf4 Bc6 52. g4 hxg4 53. fxg4 g5+ 54. Kg3 Kf7 55. h4 gxh4+ 56. Kxh4 Kg6 57. Be3 Bb7 58. Kg3 Kf7 59. Kf4 Ke6 60. Bd4 Ba8 61. Bc3 Bb7 62. Ke3 Ba8 63. Kd4 Bf3 64. Ke3 Bb7 65. Kf4 Ba8 66. Kg3 Kf7 67. Bd4 Bb7 1/2-1/2

[Event "VII Lorca Open 2018"]
[Site "Lorca"]
[Date "2018.12.27"]
[Round "3"]
[White "Alonso Garcia, Aaron"]
[Black "Gomez Ledo, Roberto Carlos"]
[Result "0-1"]
[ECO "C41"]
[WhiteElo "2274"]
[BlackElo "2448"]
[Annotator "NA"]
[PlyCount "118"]
[EventDate "2018.12.26"]
[EventType "swiss"]
[EventCountry "ESP"]
[SourceTitle "playchess.com"]
[Source "ChessBase"]
[SourceQuality "1"]
[TimeControl "5400+30"]

1. e4 d6 2. d4 Nf6 3. Nc3 e5 4. Nf3 Nbd7 5. Bc4 Be7 6. O-O O-O 7. a4 a5 8. h3 c6 9. Be3 Qc7 10. Qe2 exd4 11. Bxd4 Ne5 12. Nd2 Nxc4 13. Nxc4 Be6 14. Ne3 Nd7 15. f4 f6 16. Ng4 Rfe8 17. Rad1 Bf8 18. Rfe1 Rad8 19. Qf3 Kh8 20. h4 Bf7 21. Ne3 Nb6 22. b3 Rd7 23. Nf5 Qd8 24. Bf2 d5 25. e5 Be6 26. exf6 Bxf5 27. Rxe8 Qxe8 28. Bxb6 Bxc2 29. Rc1 Bxb3 30. Qf2 gxf6 31. Bd4 Bg7 32. Ne2 Bc4 33. Ng3 Bd3 34. Qd2 Be4 35. Qxa5 f5 36. Qc3 Qg6 37. Nxe4 dxe4 38. Be5 Kg8 39. Rb1 Qe6 40. Bxg7 Rxg7 41. Rd1 Rd7 42. Rxd7 Qxd7 43. Qe5 Kf7 44. Kh2 Kg6 45. a5 Qf7 46. Kh3 Qb3+ 47. Kh2 Qf7 48. Kh3 Kh6 49. g3 Qg6 50. Qe7 Kh5 51. Qxb7 Qg4+ 52. Kh2 Qe2+ 53. Kh3 Qf1+ 54. Kh2 Kg4 55. Qg7+ Kf3 56. Qb2 e3 57. a6 Qf2+ 58. Qxf2+ exf2 59. a7 f1=Q 0-1